 Dungeon Crawl Stone Soup version 0.29.0-4-gdea44cf6ec (webtiles) character file.

Game seed: 8434413567471576672

22 qw the Chopper (level 2, -3/26 HPs)
             Began as a Minotaur Berserker on Sept 5, 2022.
             Was a Follower of Trog.
             Slain by Sigmund
             ... wielding a +0 scythe
              (5 damage)
             ... on level 2 of the Dungeon.
             The game lasted 00:00:18 (916 turns).

qw the Chopper (Minotaur Berserker)                  Turns: 916, Time: 00:00:19

Health: -3/26      AC:  4    Str: 21    XL:     2   Next: 68%
Magic:  1/1        EV: 11    Int:  4    God:    Trog [*.....]
Gold:   38         SH:  0    Dex:  9    Spells: 1/1 levels left

rFire   . . .      SeeInvis .   Y - +0 hand axe
rCold   . . .      Faith    .   (no shield)
rNeg    . . .      Spirit   .   i - +0 leather armour
rPois   .          Reflect  .   (helmet restricted)
rElec   .          Harm     .   (no cloak)
rCorr   .          Rampage  .   (no gloves)
Will    .....                   f - +0 pair of boots
Stlth   ..........              (no amulet)
HPRegen 0.08/turn               (no ring)
MPRegen 0.07/turn               (no ring)

@: confused, on berserk cooldown, slowed, very slow
A: horns 2, retaliatory headbutt
a: Renounce Religion, Berserk


You were on level 2 of the Dungeon.
You worshipped Trog.
Trog was aware of your devotion.
You visited 1 branch of the dungeon, and saw 2 of its levels.

You collected 38 gold pieces.


Innate Abilities, Weirdness & Mutations

You have a pair of horns on your head.
You reflexively headbutt those who attack you in melee.


   Skills:
 - Level 3.6 Fighting
 + Level 4.9 Axes
 - Level 2.4 Armour
 - Level 2.1 Dodging


You had one spell level left.
You didn't know any spells.
Your spell library was empty.

Inventory:

Hand Weapons
 g - a +0 whip
 Y - a +0 hand axe (weapon)
Armour
 f - a +0 pair of boots (worn)
 i - a +0 leather armour (worn)
Potions
 e - a potion of magic {unknown}
 h - a potion of cancellation {unknown}

Dungeon Overview and Level Annotations

Branches:
Dungeon (2/15)

Altars:

Annotations:
D:2 Sigmund


Message History

Sigmund hits you from afar with a +0 scythe!
902 ||| INVOKING Berserk.
A red film seems to cover your vision as you go berserk!
You feel yourself moving faster!
You feel mighty!
Sigmund hits you from afar with a +0 scythe.
You feel a strong urge to attack something.
You slash Sigmund! You headbutt Sigmund.
Sigmund is severely wounded.
Sigmund gestures at you while chanting.
You are confused.
You're too confused to move!
Sigmund barely misses you.
You feel a strong urge to attack something.
You bump into the rock wall.
You feel your anger nearly subside.
You are no longer berserk.
You are exhausted.
You feel yourself slow down. Sigmund closely misses you.
Sigmund closely misses you. Sigmund attacks as you move away!
Sigmund hits you with a +0 scythe! Sigmund gestures at you while chanting.
The magic dart hits you.
You bump into the rock wall.
You feel less confused. Sigmund casts a spell at you.
You resist with significant effort. Sigmund barely misses you.
You hit Sigmund.
Sigmund is severely wounded.
Sigmund barely misses you.
You closely miss Sigmund.
Sigmund is severely wounded.
Sigmund gestures at you while chanting. The magic dart hits you.
Sigmund giggles. "Time to reap what you sow."
Sigmund gestures at you while chanting.
You are confused.
Sigmund barely misses you.
You bump into the rock wall.
Sigmund hits you from afar with a +0 scythe.
You die...

#.# #.# #.# #.# #.# #
#..# ###.# .#
#.#.###.... ..+ ###
#.....#.#.# ...
....####......#.# ..
.............#.#.#####
#.#.#.....#.#@.........
..........#.#..........
#.#.#.##.##.#.#@.......
# #.##.##.#.###......
#.....#.#.. ......
#.#.....#.###########
#.......#.#.........#
#######.#.##.######.#
#<.....<............#


You could see Sigmund.

Vanquished Creatures
  A dart slug (D:1)
  2 ball pythons (D:1)
  An endoplasm (D:1)
  2 giant cockroaches (D:1)
  A goblin (D:1)
  2 hobgoblins (D:1)
  A quokka (D:1)
  3 bats (D:1)
  3 frilled lizards (D:1)
  4 rats (D:1)
20 creatures vanquished.

Vanquished Creatures (others)
  3 fungi (D:1)
  A plant (D:1)
4 creatures vanquished.

Grand Total: 24 creatures vanquished

Notes
Turn   | Place    | Note
-------+----------+-------------------------------------------
     0 | D:1      | qw the Minotaur Berserker began the quest for the Orb.
     0 | D:1      | Reached XP level 1. HP: 19/19 MP: 0/0
     0 | D:1      | 0 ||| qw: Version: 0.1-a-104-g96f76f8
     0 | D:1      | 0 ||| qw: Game counter: 5788
     0 | D:1      | 0 ||| qw: Always use a shield: true
     0 | D:1      | 0 ||| qw: Do Orc after D:15 true
     0 | D:1      | 0 ||| qw: Do second Lair branch before Depths: true
     0 | D:1      | 0 ||| qw: Lair rune preference: random
     0 | D:1      | 0 ||| qw: Plans: Normal
     0 | D:1      | 0 ||| PLANNING D:1-11
   109 | D:1      | Reached skill level 4 in Axes
   143 | D:1      | Reached XP level 2. HP: 21/26 MP: 1/1
   319 | D:1      | Found a faded altar of an unknown god.
   366 | D:1      | 366 ||| Stepping ~*~*~tactically~*~*~ (stealth).
   378 | D:1      | 378 ||| Stepping ~*~*~tactically~*~*~ (stealth).
   579 | D:1      | You fall into a shaft and drop 1 floor!
   619 | D:2      | 619 ||| UPGRADING to +0 pair of boots.
   624 | D:2      | 624 ||| UPGRADING to +0 leather armour.
   634 | D:2      | 634 ||| DROPPING +0 animal skin.
   635 | D:2      | 635 ||| READING scroll labelled ASIBE JEBB.
   774 | D:2      | 774 ||| READING scroll labelled AGYJUMEECK.
   899 | D:2      | Noticed Sigmund
   902 | D:2      | 902 ||| INVOKING Berserk.
   910 | D:2      | HP: 6/26 [Sigmund/magic dart (3)]
   914 | D:2      | HP: 2/26 [Sigmund/magic dart (5)]
   916 | D:2      | Slain by Sigmund

Levels and vault maps discovered:
D:1:      minmay_arrival_shoal_huts, layout_rooms,
          dreamdust_ecumenical_altar_grove
D:2:      layout_basic, uniq_sigmund

Skill      XL: |  1 |
---------------+----+-----
Axes           | 4 |  4.9
Fighting       | |  3.6
Armour         | |  2.4
Dodging        | |  2.1

Action                   || total
-------------------------++-------
Melee: Hand axe          ||    39
       Headbutt          ||     9
Invok: Berserk           ||     1
  Use: Scroll            ||     2
Armor: Animal skin       ||    11
Dodge: Dodged            ||    22

Table legend:
 A = Non-vault XP
 B = Vault XP
 C = Vault XP percentage of total XP
 D = Non-vault monster count
 E = Vault monster count
 F = Vault count percentage of total count
                 A         B        C        D         E       F
            +---------+---------+-------+---------+---------+-------
      Total |      32 |       0 |   0.0 |      20 |       0 |   0.0
            +---------+---------+-------+---------+---------+-------
        D:1 |      32 |       0 |   0.0 |      20 |       0 |   0.0
            +---------+---------+-------+---------+---------+-------
